AoeStats
← josiahkane

Hideout

509712949Analyzed
1v1 RM · 6d ago on Sep 27, 2026· 47m 43s· 2 players
Game mode
Random Map
Map size
Tiny (2 player)
Population
200
Speed
Normal
Resources
Standard
Victory
Conquest
Starting age
Dark Age
Ending age
Imperial Age
RankedLock teamsTeams togetherTeam positionsShared explorationLock speedFull tech treeHidden civsTurbo modeCheats
Victory
Defeat
🇬🇧 Bohemians · United Kingdom
860
+17
🇹🇷 Bohemians · Türkiye
889
-17
josiahkane
10:59 Feudal Age
11:33 Loom
13:11 Double-Bit Axe
18:39 Castle Age
16:29 Loom
17:07 Padded Archer Armor
18:33 Horse Collar
21:09 Chemistry
20:35 Heavy Plow
25:39 Masonry
30:37 Wagenburg Tactics
33:19 Imperial Age
Ernc
4:51 Loom
11:43 Feudal Age
12:28 Double-Bit Axe
13:27 Horse Collar
18:14 Castle Age
18:29 Town Watch
20:30 Heavy Plow
21:51 Chemistry
20:52 Pikeman
22:28 Padded Archer Armor
24:49 Bow Saw
30:51 Imperial Age
30:41 Leather Archer Armor
32:06 Conscription
40:02 Ring Archer Armor
40:08 Elite Skirmisher
40:39 Fletching
40:14 Houfnice
45:26 Cavalier
Connection lost

Rejoining the realm…

Still unreachable

The connection could not be restored.

Session expired

The server has moved on; the page needs a fresh start.